 Dungeon Crawl Stone Soup version 0.29.1-13-g9f3cf754e1 (webtiles) character file.

Game seed: 1075202203098880896

194 leafyfresh the Covert (level 5, 0/47 HPs)
             Began as a Gnoll Delver on Feb 7, 2023.
             Succumbed to a scorpion's poison
             ... on level 4 of the Dungeon.
             The game lasted 00:05:35 (3788 turns).

leafyfresh the Covert (Gnoll Delver)                Turns: 3788, Time: 00:05:36

Health: 0/47       AC:  8    Str: 12    XL:     5   Next: 73%
Magic:  7/7        EV: 25    Int:  9    God:
Gold:   35         SH:  0    Dex: 15    Spells: 7/7 levels left

rFire   . . .      SeeInvis .   a - +0 spear
rCold   . . .      Faith    .   (no shield)
rNeg    . . .      Spirit   .   i - +0 scale mail
rPois   .          Reflect  .   t - +0 helmet
rElec   .          Harm     .   (no cloak)
rCorr   .          Rampage  .   l - +0 pair of gloves
Will    .....                   (no boots)
Stlth   +++.......              n - amulet of the acrobat
HPRegen 0.15/turn               q - ring of willpower
MPRegen 0.10/turn               (no ring)

@: lethally poisoned (0 -> -2), weak-willed, acrobatic
A: fangs 1, strong nose, distributed training
a: no special abilities


You were on level 4 of the Dungeon.
You visited 1 branch of the dungeon, and saw 4 of its levels.

You collected 75 gold pieces.
You spent 40 gold pieces at shops.

Inventory:

Hand Weapons
 a - a +0 spear (weapon)
 c - a +0 flail
 o - a +1 short sword of holy wrath
 u - a +1 short sword of draining
Missiles
 p - a throwing net
Armour
 b - a +0 leather armour
 i - a +0 scale mail (worn)
 l - a +0 pair of gloves (worn)
 t - a +0 helmet (worn)
Jewellery
 n - an amulet of the acrobat (around neck)
 q - a ring of willpower (left hand)
Wands
 g - a wand of digging (3)
 k - a wand of polymorph (7)
Scrolls
 d - 3 scrolls of magic mapping
 m - a scroll of enchant weapon
Potions
 f - a potion of haste
 h - a potion of attraction


   Skills:
 + Level 6.7 Fighting
 + Level 1.7 Short Blades
 + Level 1.7 Long Blades
 + Level 1.7 Axes
 + Level 1.7 Maces & Flails
 + Level 4.9 Polearms
 + Level 1.7 Staves
 + Level 1.7 Ranged Weapons
 + Level 1.7 Throwing
 + Level 1.7 Armour
 + Level 4.9 Dodging
 + Level 9.7 Stealth
 + Level 1.7 Shields
 + Level 1.7 Unarmed Combat
 + Level 1.7 Spellcasting
 + Level 1.3 Conjurations
 + Level 1.3 Hexes
 + Level 1.3 Summonings
 + Level 1.3 Necromancy
 + Level 1.3 Translocations
 + Level 1.3 Transmutations
 + Level 1.3 Fire Magic
 + Level 1.3 Ice Magic
 + Level 1.3 Air Magic
 + Level 1.3 Earth Magic
 + Level 1.3 Poison Magic
 + Level 1.9 Invocations
 + Level 1.7 Evocations


You had 7 spell levels left.
You didn't know any spells.
Your spell library contained the following spells:

 Spells                   Type           Power      Damage    Failure   Level
 Necrotise                Necr           12%        1d4       71%         1
 Vampiric Draining        Necr           3%         2d6       97%         3
 Agony                    Necr           3%         N/A       100%        5


Dungeon Overview and Level Annotations

Branches:
Dungeon (5/15)
 Temple: D:4-7

Altars:

Shops:
D:2 ?   D:3 =


Innate Abilities, Weirdness & Mutations

You have very sharp teeth.
Your uncanny sense of smell can sniff out nearby items.
Your experience applies equally to all skills.


Message History

You feel very sick. The scorpion barely misses you.
You hit the scorpion. Your bite misses the scorpion.
The scorpion is severely wounded.
* * * LOW HITPOINT WARNING * * *
You feel very sick. The scorpion barely misses you.
You hit the scorpion.
You kill the scorpion!
* * * LOW HITPOINT WARNING * * *
You feel sick.
You puncture the hobgoblin!
You kill the hobgoblin!
* * * LOW HITPOINT WARNING * * *
You feel very sick.
* * * LOW HITPOINT WARNING * * *
You feel sick.
Things that are here:
a hobgoblin corpse; a scorpion corpse Unknown command.
Unknown command.
As you read the scroll labelled EMAQUIT WEUCA, it crumbles to dust.
You feel strangely unstable.
It was a scroll of teleportation.
* * * LOW HITPOINT WARNING * * *
You feel sick.
As you read the scroll labelled EMUOQI ORIORO, it crumbles to dust.
Magic quickly surges around you.
It was a scroll of vulnerability.
* * * LOW HITPOINT WARNING * * *
You feel sick.
There is a lethal amount of poison in your body!
There is a lethal amount of poison in your body!
There is a lethal amount of poison in your body!
There is a lethal amount of poison in your body!
There is a lethal amount of poison in your body!
* * * LOW HITPOINT WARNING * * *
You feel sick.
* * * LOW HITPOINT WARNING * * *
You feel sick.
Your surroundings suddenly seem different.
You die...

### ##.. ##... #....
#### #.... # ###..#
#....
.##.#####....#######
#....
.........@..###....#
#....
...##..##..###....#
##... ###.####.#......#
##... #..........#....#
#....
######..###..#..#....#
#.... ##......##
#.###......# #....
#..#.#######....###.#.#
#..). #.#..####.......#
#.#.# #.... ##.
#.#.###...###...# #<###
##...


There were no monsters in sight!

Vanquished Creatures
  A scorpion (D:4)
  Terence (D:2)
  4 gnolls
  2 adders
  A shadow imp (D:4)
  3 dart slugs
  2 orcs
  2 endoplasms
  A giant cockroach (D:3)
  6 goblins
  3 hobgoblins
  5 kobolds
  2 quokkas
  3 bats (D:3)
  A frilled lizard (D:3)
  3 rats
40 creatures vanquished.

Vanquished Creatures (others)
  A fungus (D:2)
  A plant (D:2)
2 creatures vanquished.

Grand Total: 42 creatures vanquished

Notes
Turn   | Place    | Note
-------+----------+-------------------------------------------
     0 | D:5      | Reached skill level 9 in Stealth
     0 | D:5      | leafyfresh the Gnoll Delver began the quest for the Orb.
     0 | D:5      | Reached XP level 1. HP: 23/23 MP: 1/1
    28 | D:5      | Noticed an iguana
   256 | D:3      | Found Koimyq's Jewellery Shoppe.
   421 | D:3      | Reached XP level 2. HP: 29/29 MP: 2/2
  1343 | D:2      | Reached XP level 3. HP: 4/35 MP: 3/3
  1723 | D:2      | Reached skill level 1 in Invocations
  1744 | D:2      | Noticed Terence
  1761 | D:2      | Killed Terence
  1762 | D:2      | Reached skill level 1 in Short Blades
  1762 | D:2      | Reached skill level 1 in Long Blades
  1762 | D:2      | Reached skill level 1 in Axes
  1762 | D:2      | Reached skill level 1 in Maces & Flails
  1762 | D:2      | Reached skill level 1 in Staves
  1762 | D:2      | Reached skill level 1 in Ranged Weapons
  1762 | D:2      | Reached skill level 1 in Throwing
  1762 | D:2      | Reached skill level 1 in Armour
  1762 | D:2      | Reached skill level 1 in Shields
  1762 | D:2      | Reached skill level 1 in Unarmed Combat
  1762 | D:2      | Reached skill level 1 in Spellcasting
  1762 | D:2      | Reached skill level 1 in Evocations
  1762 | D:2      | Reached XP level 4. HP: 20/41 MP: 5/5
  2159 | D:2      | Found Leqa's Magic Scroll Emporium.
  2168 | D:2      | Bought a scroll of identify for 20 gold pieces
  2168 | D:2      | Bought a scroll of identify for 20 gold pieces
  2372 | D:2      | Reached skill level 1 in Conjurations
  2372 | D:2      | Reached skill level 1 in Hexes
  2372 | D:2      | Reached skill level 1 in Summonings
  2372 | D:2      | Reached skill level 1 in Necromancy
  2372 | D:2      | Reached skill level 1 in Translocations
  2372 | D:2      | Reached skill level 1 in Transmutations
  2372 | D:2      | Reached skill level 1 in Fire Magic
  2372 | D:2      | Reached skill level 1 in Ice Magic
  2372 | D:2      | Reached skill level 1 in Air Magic
  2372 | D:2      | Reached skill level 1 in Earth Magic
  2372 | D:2      | Reached skill level 1 in Poison Magic
  2638 | D:2      | Found a faded altar of an unknown god.
  2879 | D:4      | Noticed an ogre
  3089 | D:4      | Reached XP level 5. HP: 27/47 MP: 7/7
  3092 | D:4      | HP: 1/47 [ogre/+0 giant spiked club (5)]
  3759 | D:4      | HP: 2/47 [poisoned by a scorpion]
  3786 | D:4      | HP: 2/47 [poisoned by a scorpion]
  3788 | D:4      | Succumbed to a scorpion's poison

Illustrated notes

Levels and vault maps discovered:
D:2:      layout_rooms, serial_shops, nicolae_shop_hallway_stairs,
          shapermc_ecumenical_altar_hornbeckon, uniq_terence
D:3:      layout_basic, serial_shops, nicolae_diamond_shop, nrook_campfire
D:4:      layout_rooms, minmay_temple_entry_tees, st_stairs_7,
          minmay_shop_mayhem, minmay_three_crescents, uniq_pikel
D:5:      layout_cave_pods, dreamdust_mushroom_princess, uniq_ijyb

Skill      XL: |  1  2  3  4 |
---------------+-------------+-----
Stealth        | |  9.7
Invocations    | 1 |  1.9
Short Blades   | 1 |  1.7
Long Blades    | 1 |  1.7
Axes           | 1 |  1.7
Maces & Flails | 1 |  1.7
Staves         | 1 |  1.7
Ranged Weapons | 1 |  1.7
Throwing       | 1 |  1.7
Armour         | 1 |  1.7
Shields        | 1 |  1.7
Unarmed Combat | 1 |  1.7
Spellcasting   | 1 |  1.7
Evocations     | 1 |  1.7
Conjurations   | 1 |  1.3
Hexes          | 1 |  1.3
Summonings     | 1 |  1.3
Necromancy     | 1 |  1.3
Translocations | 1 |  1.3
Transmutations | 1 |  1.3
Fire Magic     | 1 |  1.3
Ice Magic      | 1 |  1.3
Air Magic      | 1 |  1.3
Earth Magic    | 1 |  1.3
Poison Magic   | 1 |  1.3
Fighting       | |  6.7
Polearms       | |  4.9
Dodging        | |  4.9

Action                   |  1- 3 |  4- 6 || total
-------------------------+-------+-------++-------
Melee: Spear             |    90 |   129 ||   219
       Punch             |     2 |     4 ||     6
       Bite              |     3 |    11 ||    14
  Use: Scroll            |       |     7 ||     7
       Potion            |       |     3 ||     3
 Stab: Sleeping          |    11 |     6 ||    17
Armor: Leather armour    |    11 |     1 ||    12
       Scale mail        |       |    38 ||    38
Dodge: Dodged            |    39 |    82 ||   121
